 Dungeon Crawl Stone Soup version bcrawl-1.37.2 (webtiles) character file.

Game seed: 17143662411314981859

374966 Oxelix the Severer (level 11, -5/101 HPs)
             Began as a Minotaur Berserker on Jan 4, 2023.
             Was a High Priest of Trog.
             Killed by divine providence
             ... invoked by an orc priest
             ... led by an orc warlord
              (12 damage)
             ... in the Orcish Mines.
             The game lasted 00:24:13 (9407 turns).

Oxelix the Severer (Minotaur Berserker)             Turns: 9407, Time: 00:24:14

Health: -5/101     AC: 21    Str: 22    XL:     11   Next: 23%
Magic:  10/10      EV:  7    Int:  7    God:    Trog [*****.]
Gold:   366        SH:  0    Dex: 15    Spells: 10/10 levels left

rFire    + + .     GDR:     33% D - +2 battleaxe of the Middle {chop, rF++ Str-2 Int+3}
rCold    . . .     SeeInvis .   (shield currently unavailable)
rNeg     . . .     Gourm    .   L - +0 plate armour
rPois    .         Faith    .   (helmet restricted)
rElec    +         Spirit   .   P - +2 cloak
rCorr    .         Reflect  .   H - +0 pair of gloves of Polish {Dex+4}
MR       .....                  (no boots)
Stlth    ..........             (no amulet)
HPRegen  0.26/turn              o - ring of insulation
MPRegen  0.12/turn              u - +3 ring of protection

@: lethally poisoned (-5 -> -6), exhausted, berserk cooldown, hasted and slowed
A: retaliatory headbutt, horns 2
a: Berserk, Trog's Hand, Brothers in Arms, Renounce Religion


You were in the Orcish Mines.
You worshipped Trog.
Trog was extremely pleased with you.
You were hungry.

You visited 3 branches of the dungeon, and saw 10 of its levels.
You also visited: Ossuary.

You collected 1293 gold pieces.
You spent 927 gold pieces at shops.

Inventory:

Hand Weapons
 r - a +2 antimagic war axe
 D - the +2 battleaxe of the Middle (weapon) {chop, rF++ Str-2 Int+3}
   (Trog gifted it to you on level 8 of the Dungeon)

   It will always inflict at least some extra damage.
   This minimum extra damage increases with your current reserve of magical
   power.
   It affects your strength (-2).
   It affects your intelligence (+3).
   It greatly protects you from fire.
Missiles
 O - 211 poisoned tomahawks (quivered)
Armour
 h - a +0 medium shield
 p - +0 ice dragon scales
 H - the +0 pair of gloves of Polish (worn) {Dex+4}
   (You found it on level 7 of the Dungeon)

   It affects your dexterity (+4).
 J - a +1 scale mail
 K - a +0 troll leather armour
 L - a +0 plate armour (worn)
 M - a cursed +0 leather armour
 P - a +2 cloak (worn)
Jewellery
 o - a ring of insulation (left hand)
 u - a +3 ring of protection (right hand)
 G - a cursed ring of teleportation {unknown}
Wands
 w - a wand of charming (14)
 E - a wand of digging (18)
 I - a wand of iceblast (7)
Scrolls
 d - a scroll of enchant armour
 f - 2 scrolls of teleportation
 i - 13 scrolls of identify
 j - a scroll of vulnerability {unknown}
 l - 3 scrolls of immolation {unknown}
 n - 2 scrolls of remove curse
 q - 3 scrolls of fear {unknown}
 s - 2 scrolls of magic mapping {unknown}
 x - a scroll of torment {unknown}
 y - 3 scrolls of enchant weapon {unknown}
 A - a scroll of silence {unknown}
 B - a scroll of noise {unknown}
 N - a scroll of fog {unknown}
Potions
 a - a potion of flight {unknown}
 b - a potion of degeneration {unknown}
 c - 2 potions of agility
 g - 2 potions of lignification {unknown}
 k - 6 potions of haste
 m - a potion of magic {unknown}
 t - 2 potions of ambrosia {unknown}
 v - a potion of mutation {unknown}
 z - a potion of berserk rage {unknown}
 C - a potion of might {unknown}
 F - a potion of curing {unknown}
Comestibles
 e - 19 rations {!d}
 Q - 4 chunks of flesh


   Skills:
 * Level 10.6 Fighting
 - Level 16.3 Axes
 + Level 7.6 Armour
 - Level 2.1 Dodging


You had 10 spell levels left.
You didn't know any spells.
Your spell library was empty.

Dungeon Overview and Level Annotations

Branches:
Dungeon (8/12)             Temple (1/1) D:7            Lair (0/6) D:8
    Orc (1/1) D:8             Elf (0/3) Orc

Altars:
Ashenzari
Cheibriados
Dithmenos
Elyvilon
Fedhas
Gozag
Hepliaklqana
Kikubaaqudgha
Lugonu
Makhleb
Nemelex Xobeh
Okawaru
Qazlal
Ru
Sif Muna
Trog
Uskayaw
Vehumet
Wu Jian
Xom
Yredelemnul
Zin

Shops:
D:5 (   D:6 [   Orc [[

Annotations:
D:8 exclusion: statue


Innate Abilities, Weirdness & Mutations

You reflexively headbutt those who attack you in melee.
You have a pair of horns on your head.


Message History

The orcs go into a battle-frenzy!
The orc hits you with a +0 short sword!
* * * LOW HITPOINT WARNING * * *
The orc misses your troll.
Your troll bites the orc.
Your troll claws the orc!!
The orc dies!
Trog accepts your kill.
The orc warlord hits your troll with a +0 battleaxe!!!
Your troll dies!
Your troll's corpse disappears in a puff of smoke!
An orc priest opens the door.
The orc hits you but does no damage.
You hear a shout! x2
You feel sick.
The orc warlord shouts!
The orc priest no longer looks unusually strong.
An orc comes into view.
The orc wizard mumbles some strange words.
The orc wizard blinks!
The orc priest mumbles some strange prayers to Beogh against you.
Beogh smites you!
You die...

.###+#..# ############## ## ##.#
##............### # #.#
#..##########...## # #.## ##.##
###..# # #..# #..# # # ##.. ##
##..### ##.#### .# .# #..
.#####..##.###..#.8##o###'## ##.
............#.8.'.oo.o...... #.
##.........#....@.ooo§o8.... #.
.#........#...8.)))).o...... #.
#.#.............#.8##[###'## ##.
................#### o.# #..
......####.......# ..# ##..
......# #......#.## ..# ###..#
......#
##....##..##########...##
......###....###.............###
.....##.....###........#######


You could see an orc warlord, an orc warrior, 2 orc priests and 5 orcs.

Vanquished Creatures
  An orc knight (Orc)
  2 orc sorcerers (Orc)
  Joseph (D:7)
  An elephant (D:8)
  A gargoyle (D:7)
  4 eyes of draining
  A hornet (D:8)
  4 trolls
  A hippogriff (D:7)
  4 hogs (D:7)
  A human (D:7)
  A hungry ghost (D:5)
  Menkaure (D:5)
  A warg (Orc)
  2 sky beasts
  13 orc warriors
  A phantom (D:5)
  A necrophage (D:7)
  A black bear (D:6)
  An ogre (D:5)
  3 bullfrogs
  A kobold brigand (D:6)
  Blork the orc (D:4)
  A centaur (D:7)
  A wyvern zombie (D:6)
  4 scorpions
  2 howler monkeys
  4 wights (D:7)
  7 orc priests
  A crimson imp (D:8)
  4 bullfrog zombies (D:6)
  A hound (D:5)
  2 jellies
  4 orc wizards
  A bullfrog skeleton (D:4)
  Jessica (D:3)
  Terence (D:3)
  6 worker ants
  A killer bee zombie (D:7)
  2 hound zombies (D:6)
  A mummy (Ossuary)
  2 howler monkey zombies (D:6)
  2 worker ant zombies
  3 gnolls (D:5)
  A howler monkey skeleton (D:6)
  9 adders
  3 adder zombies
  3 adder skeletons (D:6)
  5 worms
  2 dart slugs
  7 leopard geckos
  46 orcs
  5 spectral bats (Ossuary)
  2 ball pythons
  4 bats
  A bat simulacrum (Ossuary)
  3 giant cockroaches
  4 gnoll zombies (Ossuary)
  4 goblins
  10 hobgoblins
  12 jackals
  11 kobolds
  5 quokkas
  3 frilled lizards
  4 goblin simulacra (Ossuary)
  5 goblin zombies (Ossuary)
  5 hobgoblin zombies (Ossuary)
  3 kobold simulacra (Ossuary)
  11 kobold zombies (Ossuary)
  5 orc zombies (Ossuary)
  A quokka skeleton (D:5)
  5 rats
  2 rat simulacra (Ossuary)
  3 spectral kobolds (Ossuary)
  3 spectral rats (Ossuary)
  5 fungi (D:6)
  11 plants (D:6)
302 creatures vanquished.

Vanquished Creatures (collateral kills)
  An orc wizard (Orc)
  2 orcs (Orc)
3 creatures vanquished.

Vanquished Creatures (others)
  4 toadstools (D:4)
4 creatures vanquished.

Grand Total: 309 creatures vanquished

Notes
Turn   | Place    | Note
-------+----------+-------------------------------------------
     0 | D:1      | Oxelix the Minotaur Berserker began the quest for the Orb.
     0 | D:1      | Reached XP level 1. HP: 19/19 MP: 0/0
   140 | D:1      | Reached skill level 4 in Axes
   264 | D:1      | Reached XP level 2. HP: 26/26 MP: 1/1
   529 | D:1      | Reached skill level 5 in Axes
  1073 | D:2      | Found a corrupted altar of Lugonu.
  1077 | D:2      | Reached XP level 3. HP: 31/31 MP: 2/2
  1169 | D:2      | Reached skill level 6 in Axes
  1169 | D:2      | Reached XP level 4. HP: 18/39 MP: 3/3
  1348 | D:2      | Reached ** piety under Trog
  2215 | D:3      | Found a bloodstained altar of Trog.
  2215 | D:3      | Noticed an eye of draining
  2215 | D:3      | Noticed an eye of draining
  2215 | D:3      | Noticed an eye of draining
  2222 | D:3      | Killed an eye of draining
  2223 | D:3      | Reached skill level 8 in Axes
  2223 | D:3      | Reached XP level 5. HP: 45/45 MP: 0/4
  2223 | D:3      | Reached XP level 6. HP: 51/51 MP: 0/5
  2228 | D:3      | Killed an eye of draining
  2229 | D:3      | Reached skill level 10 in Axes
  2229 | D:3      | Reached XP level 7. HP: 57/57 MP: 0/6
  2242 | D:3      | Killed an eye of draining
  2243 | D:3      | Reached skill level 11 in Axes
  2360 | D:3      | Noticed Jessica
  2363 | D:3      | Killed Jessica
  2463 | D:3      | Noticed Terence
  2468 | D:3      | Killed Terence
  2495 | D:3      | Found a radiant altar of Vehumet.
  2703 | D:4      | Reached XP level 8. HP: 64/64 MP: 3/7
  2777 | D:4      | Noticed Blork the orc
  2780 | D:4      | Found a sand-covered staircase.
  2792 | D:4      | Killed Blork the orc
  2795 | D:4      | Reached *** piety under Trog
  2802 | Ossuary  | Entered an ossuary
  2951 | Ossuary  | Reached skill level 12 in Axes
  3060 | Ossuary  | Reached **** piety under Trog
  3979 | D:5      | Entered Level 5 of the Dungeon
  4065 | D:5      | Reached skill level 13 in Axes
  4070 | D:5      | Found Xuchoij's Weapon Emporium.
  4357 | D:5      | Noticed Menkaure
  4363 | D:5      | Killed Menkaure
  4467 | D:5      | Reached XP level 9. HP: 70/70 MP: 4/8
  4555 | D:5      | Reached skill level 14 in Axes
  4898 | D:6      | Found a blossoming altar of Fedhas.
  5077 | D:6      | Found an opulent altar of Gozag.
  5092 | D:6      | Found Zuus's Antique Armour Shop.
  5317 | D:6      | Reached ***** piety under Trog
  5540 | D:6      | Reached skill level 15 in Axes
  6045 | D:7      | Noticed a -3 hand axe
  6045 | D:7      | Noticed a +0 hand axe
  6047 | D:7      | Found a hide-covered altar of Uskayaw.
  6094 | D:7      | Noticed a troll
  6095 | D:7      | Noticed a gargoyle
  6108 | D:7      | Killed a troll
  6113 | D:7      | Killed a gargoyle
  6114 | D:7      | Reached skill level 16 in Axes
  6135 | D:7      | Got a pair of steaming gloves
  6142 | D:7      | Identified the +0 pair of gloves of Polish {Dex+4} (You
                  | found it on level 7 of the Dungeon)
  6243 | D:7      | Found a staircase to the Ecumenical Temple.
  6266 | D:7      | Found a basalt altar of Yredelemnul.
  6268 | D:7      | Noticed Joseph
  6286 | D:7      | Killed Joseph
  6340 | D:7      | Found an iron altar of Okawaru.
  6388 | D:7      | Reached XP level 10. HP: 70/78 MP: 4/9
  6529 | D:7      | Found a hazy altar of Hepliaklqana.
  6529 | D:7      | Found an ornate altar of the Wu Jian Council.
  6580 | D:7      | Reached skill level 5 in Fighting
  7098 | Temple   | Entered the Ecumenical Temple
  7320 | D:8      | Noticed an elephant
  7321 | D:8      | Found a staircase to the Lair.
  7341 | D:8      | Killed an elephant
  7342 | D:8      | Reached skill level 5 in Armour
  7344 | D:8      | Received a gift from Trog
  7358 | D:8      | Got a jewelled battleaxe {god gift}
  7380 | D:8      | Identified the +2 battleaxe of the Middle {chop, rF++ Str-2
                  | Int+3} (Trog gifted it to you on level 8 of the Dungeon)
  7440 | D:8      | Found a staircase to the Orcish Mines.
  7567 | Orc      | Entered the Orcish Mines
  7629 | Orc      | Found a roughly hewn altar of Beogh.
  7642 | Orc      | Found Liumem's Antique Armour Emporium.
  7642 | Orc      | Noticed an orc sorcerer
  7650 | Orc      | HP: 4/89 [orc sorcerer/bolt of negative energy (21)]
  7656 | Orc      | Killed an orc sorcerer
  7657 | Orc      | HP: 4/90 [orc wizard/puff of flame (3)]
  7912 | D:6      | Bought a glowing plate armour for 702 gold pieces
  8749 | D:8      | Reached XP level 11. HP: 97/97 MP: 10/10
  9181 | Orc      | Found Ohebaecu's Antique Armour Shop.
  9185 | Orc      | Bought an embroidered cloak for 225 gold pieces
  9210 | Orc      | Found a staircase to the Elven Halls.
  9379 | Orc      | Noticed an orc knight
  9381 | Orc      | Noticed an orc sorcerer
  9383 | Orc      | Noticed an orc warlord
  9385 | Orc      | Noticed a sun demon
  9393 | Orc      | Reached skill level 10 in Fighting
  9393 | Orc      | Killed an orc knight
  9400 | Orc      | Killed an orc sorcerer
  9407 | Orc      | Killed from afar by an orc priest

Skill      XL: |  1  2  3  4  5  6  7  8  9 10 11 |
---------------+----------------------------------+-----
Axes           | 4 5 6 8 10 11 13 16 | 16.3
Fighting       | 4 9 10 | 10.6
Armour         | 6 7 |  7.6
Dodging        | |  2.1

Action                   |  1- 3 |  4- 6 |  7- 9 | 10-12 || total
-------------------------+-------+-------+-------+-------++-------
Melee: Hand axe          |    59 |    97 |    11 |       ||   167
       Headbutt          |     8 |    11 |    83 |    34 ||   136
       War axe           |       |       |   377 |    83 ||   460
       Battleaxe         |       |       |       |    85 ||    85
Throw: Tomahawk          |       |       |       |     4 ||     4
Invok: Berserk           |       |     2 |     3 |     4 ||     9
       Trog's Hand       |       |       |     1 |     1 ||     2
       Brothers in Arms  |       |       |       |     1 ||     1
  Use: Scroll            |       |       |       |     3 ||     3
       Potion            |       |       |       |     2 ||     2
 Stab: Sleeping          |     1 |       |       |       ||     1
  Eat: Chunk             |     2 |     7 |    21 |    15 ||    45
       Ration            |       |       |     3 |       ||     3
Armor: Animal skin       |    11 |     5 |       |       ||    16
       Chain mail        |       |    43 |   189 |       ||   232
       Scale mail        |       |       |     3 |    57 ||    60
       Plate armour      |       |       |       |    19 ||    19
Dodge: Dodged            |    30 |     9 |    33 |    45 ||   117
Block: Medium shield     |    13 |    30 |   111 |    25 ||   179
